 Dungeon Crawl Stone Soup version 0.27-a0-379-g34d631faf5 (webtiles) character file.

Game seed: 5305762998665458389

361 Bapho the Slasher (level 6, -4/55 HPs)
             Began as a Draconian Berserker on Feb 17, 2021.
             Was a Believer of Trog.
             Slain by an orc priest
             ... wielding a +2 morningstar of distortion
              (11 damage)
             ... on level 3 of the Dungeon.
             The game lasted 00:05:50 (3269 turns).

Bapho the Slasher (Draconian Berserker)             Turns: 3269, Time: 00:05:51

Health: -4/55      AC:  6    Str: 19    XL:     6   Next: 38%
Magic:  6/6        EV: 13    Int:  7    God:    Trog [**....]
Gold:   104        SH:  0    Dex: 13    Spells: 5/5 levels left

rFire    . . .     SeeInvis .   a - +0 falchion
rCold    . . .     Faith    .   (no shield)
rNeg     . . .     Spirit   .   (armour unavailable)
rPois    .         Reflect  .   (helmet restricted)
rElec    .         Harm     .   (no cloak)
rCorr    .         Rampage  .   (no gloves)
Will     +....                  (no boots)
Stlth    +.........             h - amulet of regeneration
HPRegen  1.18/turn              (no ring)
MPRegen  0.10/turn              m - ring of willpower

@: berserk cooldown, slowed, very slow
A: unfitting armour, cold-blooded, AC +6
a: Renounce Religion, Berserk, Trog's Hand


You were on level 3 of the Dungeon.
You worshipped Trog.
Trog was pleased with you.
You visited 1 branch of the dungeon, and saw 3 of its levels.

You collected 104 gold pieces.

Inventory:

Hand Weapons
 a - a +0 falchion (weapon)
Missiles
 b - 109 stones (quivered)
Jewellery
 h - an amulet of regeneration (around neck)
 l - a ring of magical power
 m - a ring of willpower (right hand)
 n - a ring of ice
Scrolls
 c - 2 scrolls of noise {unknown}
 d - 3 scrolls of teleportation
 o - a scroll of magic mapping {unknown}
 p - 2 scrolls of random uselessness {unknown}
 r - a scroll of identify
Potions
 e - a potion of mutation
 f - 3 potions of brilliance
 g - a potion of haste
 i - a potion of flight {unknown}
 j - a potion of attraction {unknown}
 k - a potion of curing
 q - a potion of heal wounds {unknown}


   Skills:
 + Level 4.9 Fighting
 * Level 5.5 Long Blades
 + Level 3.9 Dodging


You had 5 spell levels left.
You didn't know any spells.
Your spell library was empty.

Dungeon Overview and Level Annotations

Branches:
Dungeon (3/15)

Altars:
Ashenzari
Zin
Beogh

Annotations:
D:3 3 runed translucent doors, supsnack's ghost, amateur DsGl


Innate Abilities, Weirdness & Mutations

Your plain brown scales are hard. (AC +6)
You cannot fit into any form of body armour.
You are cold-blooded and may be slowed by cold attacks.


Message History

The orc priest is lightly wounded.
Something hits you but does no damage.
You slash the orc priest!
The orc priest is almost dead.
The orc priest hits you with a +2 morningstar of distortion!
* * * LOW HITPOINT WARNING * * *
You blink.
The orc priest invokes the aid of Beogh against you.
Beogh smites you!
* * * LOW HITPOINT WARNING * * *
You hit something. Something hits you.
* * * LOW HITPOINT WARNING * * *
You slash something! You slash something! Trog accepts your kill.
Trog appreciates your killing of a magic user.
Reactivating autopickup.
You feel a bit more experienced.
You closely miss the orc priest.
The orc priest is almost dead.
You are no longer berserk.
You are exhausted.
You feel yourself slow down. The orc priest misses you.
It was a potion of curing.
You feel better.
The orc priest mumbles some strange prayers to Beogh against you.
Beogh smites you!
* * * LOW HITPOINT WARNING * * *
You feel better.
The orc priest hits you with a +2 morningstar of distortion.
* * * LOW HITPOINT WARNING * * *
Space bends around you.
* * * LOW HITPOINT WARNING * * *
You hit the orc priest but do no damage.
Your tail-slap misses the orc priest.
The orc priest is almost dead.
The orc priest closely misses you.
You hit the orc priest but do no damage.
The orc priest is almost dead.
The orc priest hits you with a +2 morningstar of distortion!
You die...

#.##.##.....#
#...
##.##.##.....#
#.#.
#.....##.....#
##..
#..#####.#####
#♣. #........#
#.. #.########
#♣. ###)#### #..
#......#######
#8.
#.#....@o)..(#
#..
#.#..#.##....((<.
#♣. #
#..>.##....####
#.. ##.#......##
#8. #.#.##.###
#.. .......# #8.
######### #.. #♣.
#..


You could see an orc priest.

Vanquished Creatures
  Sigmund (D:2)
  2 orc wizards (D:3)
  3 gnolls (D:2)
  5 adders
  2 oozes
  An adder skeleton (D:3)
  A worm (D:2)
  2 dart slugs
  A leopard gecko (D:2)
  3 orcs (D:3)
  3 giant cockroaches (D:3)
  9 goblins
  6 hobgoblins
  9 jackals (D:3)
  A ball python (D:3)
  8 bats
  A frilled lizard (D:3)
  6 kobolds
  5 rats
69 creatures vanquished.

Notes
Turn   | Place    | Note
-------+----------+-------------------------------------------
     0 | D:1      | Bapho the Draconian Berserker began the quest for the Orb.
     0 | D:1      | Reached XP level 1. HP: 19/19 MP: 1/1
   311 | D:1      | Reached XP level 2. HP: 26/26 MP: 2/2
  1369 | D:2      | Reached XP level 3. HP: 33/33 MP: 3/3
  1457 | D:2      | Found a broken altar of Ashenzari.
  1669 | D:2      | Reached skill level 4 in Long Blades
  1713 | D:2      | Reached XP level 4. HP: 12/40 MP: 4/4
  1968 | D:2      | Reached ** piety under Trog
  2036 | D:2      | Noticed Sigmund
  2043 | D:2      | Killed Sigmund
  2044 | D:2      | Reached skill level 5 in Long Blades
  2044 | D:2      | Reached XP level 5. HP: 47/47 MP: 5/5
  2319 | D:3      | Found a runed translucent gate.
  2319 | D:3      | Found a runed translucent gate.
  2319 | D:3      | Identified the +0 chain mail "Baih Vau" {rF+ Will++ Regen+
                  | Str-4}
  2319 | D:3      | Noticed supsnack's ghost (amateur DsGl)
  2329 | D:3      | Found a runed translucent gate.
  2524 | D:3      | Reached XP level 6. HP: 53/53 MP: 6/6
  3090 | D:3      | Found a glowing silver altar of Zin.
  3178 | D:3      | Found a roughly hewn altar of Beogh.
  3261 | D:3      | HP: 4/82 [orc priest/divine providence (11)]
  3262 | D:3      | HP: 1/82 [something (3)]
  3269 | D:3      | Slain by an orc priest

Illustrated notes

Levels and vault maps discovered:
D:1:      lightli_arrival_flooded_house, layout_loops_corners
D:2:      layout_loops_cross, lemuel_crystal_altar, serial_bayou_pond_a,
          uniq_sigmund
D:3:      layout_loops_cross, zin_scriptorium, biasface_ghost_orc_armoury,
          st_stairs_8, amcnicky_mini_corridor_feature, skrybe_limestone_x,
          chequers_avenue, minivault_26

Skill      XL: |  1  2  3  4 |
---------------+-------------+-----
Dodging        | 3 |  3.9
Long Blades    | 4 5 |  5.5
Fighting       | 4 |  4.9

Action                   |  1- 3 |  4- 6 || total
-------------------------+-------+-------++-------
Melee: Falchion          |    60 |   114 ||   174
       Tailslap          |     9 |    15 ||    24
Throw: Stone             |    81 |    98 ||   179
Invok: Berserk           |     2 |     3 ||     5
       Trog's Hand       |       |     1 ||     1
  Use: Scroll            |     1 |     3 ||     4
       Potion            |       |     2 ||     2
Armor: Skin              |    11 |    26 ||    37
Dodge: Dodged            |    41 |    85 ||   126
       Rpst.: Falchion   |    17 |    23 ||    40

Table legend: (Time is in decaauts)
 A = Elapsed time spent in this place.
 B = Non-inter-level travel time spent in this place.
 C = Inter-level travel time spent in this place.
 D = Time resting spent in this place.
 E = Time spent auto-exploring this place.
 F = Levels seen in this place.
 G = Mean time per level.
                   A        B        C        D        E       F      G
               +--------+--------+--------+--------+--------+-----+--------+
         Total |   3335 |   3303 |     32 |    217 |   2574 |   3 | 1111.7 |
       Dungeon |   3335 |   3303 |     32 |    217 |   2574 |   3 | 1111.7 |
               +--------+--------+--------+--------+--------+-----+--------+

Top non-repeatable levels by time:
     D:1: 1231 daAuts
     D:2: 1135 daAuts
     D:3: 968 daAuts
